[Event "January 2 Late 2024"]
[Site "https://www.chess.com"]
[Date "2024.01.02"]
[Round "8"]
[White "Melian, Juan Sebastian"]
[Black "Travkina, Anastasia"]
[Result "1-0"]
[Board "80"]
[TimeControl "180+1"]
[WhiteFideId "3706575"]
[BlackFideId "24129151"]
[WhiteElo "2605"]
[BlackElo "2449"]
[WhiteTeam "PAR"]
[BlackTeam "RUS"]
[WhiteClock "0:00:07"]
[BlackClock "0:00:11"]

1. e4 c5 2. b3 d6 3. Bb2 Nf6 4. Bb5+ Bd7 5. Bxd7+ Qxd7 6. d3 Nc6 7. Nd2 g6 8. f4 Bg7 9. Ngf3 O-O 10. O-O Rfe8 11. Qe1 Nxe4 12. Bxg7 Nxd2 13. Nxd2 Kxg7 14. f5 Nd4 15. fxg6 fxg6 16. Ne4 Rf8 17. Qd2 h6 18. c3 Nc6 19. Qe3 b6 20. Qg3 d5 21. Nd2 Qd6 22. Qg4 Ne5 23. Qh3 Rf6 24. Rxf6 exf6 25. Re1 Nf7 26. Re6 Qf4 27. Nf3 Qc1+ 28. Re1 Qxc3 29. Qd7 Qxd3 30. h3 c4 31. Rf1 Qe3+ 32. Kh1 c3 33. Qxd5 Re8 34. Qc4 Qe2 35. Qxe2 Rxe2 36. Rc1 c2 37. Kg1 Ne5 38. Kf1 Re3 39. Nxe5 fxe5 40. Rxc2 Kf6 41. Kf2 Re4 42. Rc6+ Kf5 43. Rc7 a5 44. Rc6 Rd4 45. Ke3 Re4+ 46. Kf3 Rf4+ 47. Ke3 Re4+ 48. Kf2 Rb4 49. Ke3 a4 50. Rc3 a3 51. g4+ Kg5 52. Rc6 h5 53. gxh5 gxh5 54. Re6 Kh4 55. Rxe5 Kxh3 56. Rxh5+ Kg4 57. Rh6 Rb5 58. Kd3 Kf3 59. Kc4 Rc5+ 60. Kb4 Rc2 61. Kxa3 b5 62. Rb6 Rc5 63. Kb4 Rc2 64. a3 Rb2 65. Rxb5 Ke4 66. Rc5 Kd4 67. Rc8 Kd5 68. Rd8+ Kc6 69. a4 Kb6 70. Rd4 Rb1 71. Rd6+ Kc7 72. Rh6 Kb7 73. a5 Ka7 74. a6 Ra1 75. Kb5 Rg1 76. b4 Rg5+ 77. Ka4 Rg4 78. Ka5 Rg5+ 79. b5 Rf5 80. Rh7+ Ka8 81. Rd7 Rg5 82. Kb6 Rg6+ 83. Ka5 Rg5 84. Ka4 Rg4+ 85. Kb3 Rg5 86. Kb4 Rg4+ 87. Kc5 Rg5+ 88. Rd5 Rg1 89. b6 Rc1+ 90. Kd6 Kb8 91. Ke7 Re1+ 92. Kd7 Rb1 93. Kc6 Rc1+ 94. Rc5 Ra1 95. a7+ Ka8 96. Kc7 Rb1 97. Rc6 Rxb6 98. Rxb6 1-0

[Event "January 2 Late 2024"]
[Site "https://www.chess.com"]
[Date "2024.01.02"]
[Round "8"]
[White "Blanco Diez, David"]
[Black "Olenik Campa, Rudi"]
[Result "0-1"]
[Board "81"]
[TimeControl "180+1"]
[WhiteFideId "32032927"]
[BlackFideId "14633264"]
[WhiteElo "2442"]
[BlackElo "2601"]
[WhiteTeam "ESP"]
[BlackTeam "SLO"]
[WhiteClock "0:00:03"]
[BlackClock "0:00:09"]

1. d4 Nf6 2. Nc3 d5 3. Bg5 e6 4. e4 Be7 5. e5 Nfd7 6. h4 h6 7. Bxe7 Qxe7 8. Qd2 a6 9. f4 c5 10. Nf3 Nc6 11. O-O-O cxd4 12. Nxd4 Nc5 13. g4 h5 14. gxh5 Rxh5 15. Qf2 Nxd4 16. Rxd4 Bd7 17. Be2 Rh7 18. Rxd5 Bc6 19. Rd6 Bxh1 20. Qxc5 Rxh4 21. Qb4 Bc6 22. b3 Rd8 23. a4 Rxd6 24. exd6 Qd7 25. Bd3 e5 26. Qc5 exf4 27. Bf5 Qd8 28. d7+ Bxd7 29. Nd5 Bxf5 30. Nc7+ Kd7 31. Nd5 Ke6 32. Nc7+ Kf6 33. Qb6+ Kg5 34. Ne6+ fxe6 35. Qxd8+ Kg4 36. Qd1+ f3 37. Qg1+ Kf4 38. Qd4+ Be4 39. Qxg7 f2 40. Qf6+ Ke3 41. Qxh4 f1=Q+ 42. Kb2 Qf2 43. Qh3+ Kd4 44. Qxe6 Qxc2+ 45. Ka3 Qc1+ 46. Kb4 Qc3+ 47. Ka3 Qc1+ 48. Kb4 Qc5# 0-1

[Event "January 2 Late 2024"]
[Site "https://www.chess.com"]
[Date "2024.01.02"]
[Round "8"]
[White "ArchibaldCerveza29"]
[Black "Gontcharov, Vladislav"]
[Result "1/2-1/2"]
[Board "82"]
[TimeControl "180+1"]
[BlackFideId "4123492"]
[WhiteElo "2436"]
[BlackElo "2596"]
[BlackTeam "RUS"]
[WhiteClock "0:00:23"]
[BlackClock "0:00:30"]

1. b3 d5 2. Bb2 Bf5 3. g3 c6 4. Bg2 e6 5. d3 Nf6 6. Nd2 Bb4 7. a3 Ba5 8. b4 Bb6 9. h3 a5 10. e4 Bg6 11. Ne2 O-O 12. O-O Qe7 13. Kh2 e5 14. f4 exf4 15. Nxf4 dxe4 16. Nxg6 hxg6 17. Nxe4 Nxe4 18. Bxe4 Nd7 19. Bg2 Bc7 20. Qf3 axb4 21. axb4 Rxa1 22. Bxa1 Qxb4 23. c4 Qe7 24. Bc3 Nc5 25. Re1 Qd7 26. d4 Ne6 27. d5 Ng5 28. Qg4 Qxg4 29. hxg4 cxd5 30. Bxd5 b6 31. Re7 Bd6 32. Rd7 Bc5 33. Kg2 Re8 34. Kf1 Re7 35. Rd8+ Kh7 36. Bd2 Ne4 37. Bf4 g5 38. Bb8 Nf6 39. Bf3 Rd7 40. Rxd7 Nxd7 41. Be4+ g6 42. Bc7 Kg7 43. Ke2 Kf6 44. Bd5 Ke7 45. Kf3 Nf6 46. Bc6 Ne8 47. Be5 Kd8 48. Ke4 Nc7 49. Bxc7+ Kxc7 50. Bd5 f6 51. Bf7 Bd6 52. Bxg6 Bxg3 53. Bf7 Be5 54. Kf5 Kd6 55. Bg8 Kc5 56. Bf7 Kd4 57. Bg8 Ke3 58. Bf7 Bd4 59. Bg8 Kf3 60. Bf7 Kg3 61. Bg8 Bc5 62. Bf7 Bd6 63. Bg8 Be5 64. Bf7 Kf2 65. Bg8 Ke3 66. Bf7 Kd4 67. Bg8 Kc5 68. Bf7 b5 69. cxb5 Kxb5 70. Bg8 Kc5 71. Bf7 Kd4 72. Bg8 Ke3 73. Bf7 Kf3 74. Bg8 Kg3 75. Bf7 Kh4 76. Bg8 Kg3 77. Bf7 Kf3 78. Bg8 Kg3 1/2-1/2

[Event "January 2 Late 2024"]
[Site "https://www.chess.com"]
[Date "2024.01.02"]
[Round "8"]
[White "Palczert, Matyas"]
[Black "uzkuzk"]
[Result "0-1"]
[Board "83"]
[TimeControl "180+1"]
[WhiteFideId "784958"]
[WhiteElo "2584"]
[BlackElo "2420"]
[WhiteTeam "HUN"]
[WhiteClock "0:00:00"]
[BlackClock "0:00:06"]

1. d4 e5 2. dxe5 Nc6 3. Nf3 Qe7 4. Nc3 Nxe5 5. Nxe5 Qxe5 6. g3 Bb4 7. Bg2 Bxc3+ 8. bxc3 Qxc3+ 9. Bd2 Qe5 10. O-O Nf6 11. e4 O-O 12. Bf4 Qc5 13. e5 Ne8 14. Rb1 d6 15. exd6 Nxd6 16. Bxd6 cxd6 17. Bxb7 Bxb7 18. Rxb7 Rab8 19. Rb6 Rbd8 20. Rb7 Rb8 21. Qf3 d5 22. Rfb1 Rxb7 23. Rxb7 d4 24. Qb3 g6 25. h4 h5 26. a4 Kg7 27. Rd7 Qe5 28. Qb7 a5 29. Qa7 Qe1+ 30. Kg2 Qe4+ 31. Kg1 Qe1+ 32. Kg2 Qe4+ 33. Kh2 d3 34. cxd3 Qxa4 35. Rd5 Qc2 36. Qd4+ Kh7 37. Rxa5 Qe2 38. Ra7 Qf3 39. Qc5 Re8 40. Qd4 Re1 0-1

[Event "January 2 Late 2024"]
[Site "https://www.chess.com"]
[Date "2024.01.02"]
[Round "8"]
[White "CRObliterator"]
[Black "Roberson, Peter T"]
[Result "0-1"]
[Board "84"]
[TimeControl "180+1"]
[BlackFideId "412384"]
[WhiteElo "2378"]
[BlackElo "2582"]
[BlackTeam "ENG"]
[WhiteClock "0:00:01"]
[BlackClock "0:00:23"]

1. e4 c5 2. c3 d6 3. d4 Nf6 4. Bd3 g6 5. f3 Bg7 6. Be3 O-O 7. Ne2 Nc6 8. h4 cxd4 9. cxd4 Qb6 10. Nbc3 Qxb2 11. Rb1 Qa3 12. Rb3 Qa5 13. Rb5 Qc7 14. h5 a6 15. Rb1 Nxh5 16. Rxh5 gxh5 17. Nd5 Qa5+ 18. Bd2 Qa3 19. Rb3 Qxa2 20. Nec3 Qa5 21. Nb6 Nxd4 22. Ncd5 Qa2 23. Rc3 Be6 24. Bb1 Qb2 25. Rc7 Nb3 26. Bc3 Bxc3+ 27. Rxc3 Nc5 28. Nxe7+ Kh8 29. Rc2 Qxb6 30. Qd4+ f6 31. Rb2 Qc7 32. Nd5 Bxd5 33. exd5 Rae8+ 34. Kf2 Re5 35. Bc2 Nd7 36. Bb1 Qc5 37. Qxc5 Nxc5 38. Rb6 Rd8 39. Rb2 Kg7 40. Ba2 h4 41. Rb6 Rg5 42. Bc4 Kg6 43. Bd3+ Nxd3+ 0-1

[Event "January 2 Late 2024"]
[Site "https://www.chess.com"]
[Date "2024.01.02"]
[Round "8"]
[White "Womacka, Mathias"]
[Black "Dubreuil, Julien"]
[Result "1-0"]
[Board "85"]
[TimeControl "180+1"]
[WhiteFideId "4611390"]
[BlackFideId "621285"]
[WhiteElo "2558"]
[BlackElo "2372"]
[WhiteTeam "GER"]
[BlackTeam "FRA"]
[WhiteClock "0:01:23"]
[BlackClock "0:00:18"]

1. e4 e5 2. Nf3 Nc6 3. Bb5 a6 4. Bxc6 dxc6 5. O-O f6 6. d4 Bg4 7. c3 Qe7 8. dxe5 fxe5 9. Be3 Nf6 10. Nbd2 O-O-O 11. Qc2 h6 12. b4 Qd7 13. Nxe5 Qe8 14. Nxg4 Nxg4 15. Bf4 Bd6 16. Bxd6 Rxd6 17. Nc4 Rg6 18. f3 Qe6 19. Qe2 Ne5 20. Nxe5 Qxe5 21. Qe3 Kb8 22. Rad1 Re8 23. Rd7 Qe6 24. Rfd1 b6 25. a4 Kb7 26. a5 bxa5 27. bxa5 Rg5 28. Qb6+ 1-0

[Event "January 2 Late 2024"]
[Site "https://www.chess.com"]
[Date "2024.01.02"]
[Round "8"]
[White "Ghosh, Chanchal Kumer"]
[Black "Grinev, Valeriy"]
[Result "1-0"]
[Board "86"]
[TimeControl "180+1"]
[WhiteFideId "10201858"]
[BlackFideId "14117517"]
[WhiteElo "2150"]
[BlackElo "2558"]
[WhiteTeam "BAN"]
[BlackTeam "UKR"]
[WhiteClock "0:01:04"]
[BlackClock "0:00:28"]

1. e4 c5 2. Nf3 Nc6 3. d4 cxd4 4. Nxd4 e5 5. Nxc6 bxc6 6. c4 Nf6 7. Bd3 Bb4+ 8. Nc3 Bxc3+ 9. bxc3 O-O 10. O-O h6 11. c5 d5 12. cxd6 Qxd6 13. Qe2 Rd8 14. Bc4 Qc5 15. Be3 Qa5 16. Rad1 Nxe4 17. Rxd8+ Qxd8 18. Bxh6 Nxc3 19. Qxe5 gxh6 20. Qxc3 Bf5 21. Qf3 Qc8 22. Re1 a5 23. Re7 Rb8 24. Qg3+ Bg4 25. h3 Rb1+ 26. Kh2 h5 27. hxg4 hxg4 28. Rxf7 Kh8 29. Qh4+ Kg8 30. Qg5+ Kh8 31. Qg7# 1-0

[Event "January 2 Late 2024"]
[Site "https://www.chess.com"]
[Date "2024.01.02"]
[Round "8"]
[White "Klukin, Kirill"]
[Black "Gardezi, Arsal"]
[Result "1-0"]
[Board "87"]
[TimeControl "180+1"]
[WhiteFideId "24199273"]
[BlackFideId "30949521"]
[WhiteElo "2804"]
[BlackElo "2161"]
[WhiteTeam "RUS"]
[BlackTeam "USA"]
[WhiteClock "0:00:22"]
[BlackClock "0:00:07"]

1. e4 e5 2. Nf3 Nc6 3. Bc4 Nf6 4. Ng5 d5 5. exd5 Na5 6. Bb5+ c6 7. dxc6 bxc6 8. Bd3 Nd5 9. Nf3 Bd6 10. O-O O-O 11. Nc3 f5 12. Be2 e4 13. Ne1 Nf4 14. d3 Qe7 15. Bxf4 Bxf4 16. g3 Bc7 17. dxe4 fxe4 18. Ng2 Bh3 19. Bg4 Bxg2 20. Kxg2 Nc4 21. Qe2 Nd6 22. f3 e3 23. f4 Rab8 24. b3 Ba5 25. Na4 Bd2 26. Bf3 Qe6 27. Rad1 Nf5 28. Rxd2 Nh4+ 29. Kg1 Qh3 30. Rd3 Rbe8 31. gxh4 Rxf4 32. Bd5+ cxd5 33. Rxf4 Re4 34. Rxe4 dxe4 35. Rxe3 Qf5 36. Rxe4 Qg6+ 37. Qg4 Qf6 38. Qe6+ Qxe6 39. Rxe6 1-0

[Event "January 2 Late 2024"]
[Site "https://www.chess.com"]
[Date "2024.01.02"]
[Round "8"]
[White "Suvorov, Alexander"]
[Black "Hamidi, Amir Mohammad"]
[Result "1-0"]
[Board "88"]
[TimeControl "180+1"]
[WhiteFideId "12977063"]
[BlackFideId "12563285"]
[WhiteElo "2475"]
[BlackElo "2682"]
[WhiteTeam "GER"]
[BlackTeam "IRI"]
[WhiteClock "0:00:38"]
[BlackClock "0:00:00"]

1. e4 c5 2. Nf3 Nc6 3. Nc3 Nf6 4. g3 d5 5. exd5 Nxd5 6. Bg2 Nxc3 7. bxc3 g6 8. O-O Bg7 9. Re1 O-O 10. Rb1 Rb8 11. Ng5 Bf5 12. Ne4 Qa5 13. Rb2 Rfd8 14. Qe2 Rd7 15. Rb5 Qxa2 16. Nxc5 Rc7 17. d4 Qxc2 18. Qxc2 Bxc2 19. Bf4 e5 20. dxe5 a6 21. Rb6 g5 22. Bxg5 Nxe5 23. Nxa6 Rcc8 24. Nxb8 Rxb8 25. Bf4 Rd8 26. Bxe5 Bxe5 27. Rxe5 Rd1+ 28. Bf1 Bd3 29. Kg2 Bxf1+ 30. Kf3 Rd3+ 31. Re3 Rd7 32. h4 Bc4 33. Rb4 Bd5+ 34. Kf4 Bc6 35. Rd4 Rc7 36. g4 Rc8 37. g5 Ra8 38. h5 Ra5 39. h6 Kf8 40. Rd8+ 1-0

[Event "January 2 Late 2024"]
[Site "https://www.chess.com"]
[Date "2024.01.02"]
[Round "8"]
[White "Mizzi, Jack"]
[Black "Zhu, Jiner"]
[Result "1-0"]
[Board "89"]
[TimeControl "180+1"]
[WhiteFideId "5602521"]
[BlackFideId "8608059"]
[WhiteElo "2452"]
[BlackElo "2653"]
[WhiteTeam "MLT"]
[BlackTeam "CHN"]
[WhiteClock "0:01:00"]
[BlackClock "0:01:10"]

1. d4 Nf6 2. c4 g6 3. g3 Bg7 4. Bg2 O-O 5. Nf3 d6 6. O-O Nc6 7. d5 Na5 8. Nbd2 c5 9. Qc2 a6 10. a4 e5 11. e4 Nh5 12. Nb3 Nxb3 13. Qxb3 f5 14. exf5 gxf5 15. Ng5 Qe8 16. Ne6 Rf7 17. Qf3 Nf6 18. Qxf5 Re7 19. f4 Bxe6 20. dxe6 Rxe6 21. Bxb7 Rb8 22. Bxa6 e4 23. Bb5 Qe7 24. Be3 Rf8 25. a5 h5 26. Qg6 Ng4 27. Qxh5 Nxe3 28. Rfe1 Nc2 29. Bc6 Nxe1 30. Rxe1 Rh6 31. Rxe4 Qxe4 32. Bd5+ Kh8 33. Qxh6+ Bxh6 34. Bxe4 Rb8 35. a6 Rxb2 36. a7 Ra2 37. a8=Q+ Rxa8 38. Bxa8 Kg7 39. Kg2 Kf6 40. Kf3 Kg6 41. Ke4 Bg7 42. g4 Bd4 43. h4 Bf2 44. h5+ Kh6 45. Kf5 Bg3 46. Bc6 Bh2 47. Be8 Bg3 48. g5+ Kg7 49. Kg4 Kf8 50. Kxg3 1-0

[Event "January 2 Late 2024"]
[Site "https://www.chess.com"]
[Date "2024.01.02"]
[Round "8"]
[White "Haydon, David L"]
[Black "Dobrijevic, Milan"]
[Result "0-1"]
[Board "90"]
[TimeControl "180+1"]
[WhiteFideId "415405"]
[BlackFideId "931632"]
[WhiteElo "2647"]
[BlackElo "2440"]
[WhiteTeam "ENG"]
[BlackTeam "SRB"]
[WhiteClock "0:00:37"]
[BlackClock "0:00:03"]

1. d4 Nf6 2. c4 g6 3. Nf3 Bg7 4. g3 O-O 5. Bg2 c6 6. O-O d5 7. b3 Ne4 8. Bb2 Nd7 9. Nbd2 Ndf6 10. Ne5 Be6 11. Rc1 Qa5 12. Nxe4 Nxe4 13. Qc2 Bf5 14. Nd3 Rfd8 15. g4 Be6 16. f3 Nd2 17. Bc3 Bxd4+ 18. Bxd4 dxc4 19. Rfd1 Rxd4 20. Rxd2 cxd3 21. Qb2 Rad8 22. e3 R4d7 23. Bf1 Qg5 24. Re1 c5 25. Qc3 b5 26. Rxd3 Rxd3 27. Bxd3 c4 28. bxc4 bxc4 29. Be2 Qc5 30. f4 a5 31. Rf1 Qb4 32. Qe5 Rd5 33. Qe4 c3 34. Qf3 c2 35. e4 Qc5+ 36. Kg2 Rd2 37. f5 Bc4 38. fxg6 Rxe2+ 39. Kh1 hxg6 40. Qc3 c1=Q 41. Qxc1 Qd4 42. Qf4 Rxe4 43. g5 Rxf4 44. Rxf4 Qxf4 45. Kg2 Bd5+ 46. Kh3 Qf3+ 47. Kh4 Be6 48. h3 Qf4# 0-1

[Event "January 2 Late 2024"]
[Site "https://www.chess.com"]
[Date "2024.01.02"]
[Round "8"]
[White "Caspi, Israel"]
[Black "Morales Garcia, Sergio Joshafatt"]
[Result "1/2-1/2"]
[Board "91"]
[TimeControl "180+1"]
[WhiteFideId "2807394"]
[BlackFideId "5106249"]
[WhiteElo "2613"]
[BlackElo "2439"]
[WhiteTeam "ISR"]
[BlackTeam "MEX"]
[WhiteClock "0:00:40"]
[BlackClock "0:00:05"]

1. d4 d5 2. c4 c6 3. Nf3 Nf6 4. e3 Bf5 5. Nc3 e6 6. h3 h6 7. Bd3 Bxd3 8. Qxd3 Nbd7 9. O-O Be7 10. b3 a5 11. Bb2 O-O 12. Rad1 Qc7 13. a3 Rfe8 14. Rfe1 Nf8 15. e4 Nxe4 16. Nxe4 dxe4 17. Qxe4 Ng6 18. g3 Bd6 19. Kg2 Qe7 20. h4 Bxa3 21. Bxa3 Qxa3 22. Rd3 a4 23. Rb1 Qb4 24. Re3 a3 25. Qc2 Ra5 26. Ra1 Rea8 27. Ra2 Ne7 28. Ne5 Nf5 29. Re4 Nxd4 30. Rxd4 Rxe5 31. Qd3 Rea5 32. Rd7 Rf5 33. g4 Rfa5 34. Qf3 Rf8 35. Qd3 Ra6 36. g5 hxg5 37. hxg5 Qc5 38. f4 b5 39. g6 Qf5 40. gxf7+ Rxf7 41. Rd8+ Rf8 42. Rxf8+ Qxf8 43. cxb5 cxb5 44. Qxb5 Rd6 45. Qb4 Rd3 46. Qxf8+ Kxf8 47. Rxa3 Kf7 48. Ra7+ Kf6 49. Rb7 g6 50. Kf2 Kf5 51. Ke2 Rh3 52. Rf7+ Ke4 53. Rf6 Rxb3 54. Rxe6+ Kf5 55. Rc6 Kxf4 56. Rxg6 Rb2+ 57. Kd3 Rb3+ 58. Kc4 Rb1 59. Rf6+ Ke5 60. Rf2 Rc1+ 61. Kd3 Rd1+ 62. Ke3 Ra1 63. Rb2 Ra3+ 64. Ke2 Ra5 65. Rb4 Rd5 66. Ke3 Ra5 67. Re4+ Kf6 68. Rh4 Ra3+ 69. Ke2 Ra2+ 70. Kd3 Ra3+ 71. Kc2 Ra2+ 72. Kb3 Rg2 73. Re4 Rg3+ 74. Kc4 Kf5 75. Re2 Rg1 76. Kd4 Rd1+ 77. Ke3 Ra1 78. Rf2+ Ke5 79. Rb2 Ra3+ 80. Ke2 Ra5 81. Kd3 Ra3+ 82. Kc4 Ra4+ 83. Kc5 Ra5+ 84. Kc6 Ra6+ 85. Kb5 Ra8 86. Re2+ Kd6 87. Rd2+ Ke5 88. Kc6 Ra6+ 89. Kd7 Ra7+ 90. Kc6 Ra6+ 91. Kb5 Ra1 92. Re2+ 1/2-1/2

[Event "January 2 Late 2024"]
[Site "https://www.chess.com"]
[Date "2024.01.02"]
[Round "8"]
[White "Gabdushev, Ruslan"]
[Black "Gubajdullin, Alexei"]
[Result "0-1"]
[Board "92"]
[TimeControl "180+1"]
[WhiteFideId "4137833"]
[BlackFideId "4141202"]
[WhiteElo "2436"]
[BlackElo "2604"]
[WhiteTeam "RUS"]
[BlackTeam "RUS"]
[WhiteClock "0:00:00"]
[BlackClock "0:01:10"]

1. c4 Nf6 2. g3 g6 3. Bg2 Bg7 4. e4 O-O 5. Nc3 d6 6. Nge2 Nbd7 7. O-O e5 8. d3 Nc5 9. h3 Nfd7 10. f4 f5 11. Be3 Ne6 12. Kh2 exf4 13. gxf4 c6 14. Ng3 Nd4 15. Qd2 Nc5 16. Rae1 Nce6 17. Nce2 Qh4 18. exf5 Nxf5 19. Nxf5 Rxf5 20. Ng3 Rf8 21. d4 Bh6 22. f5 Bxe3 23. Rxe3 Ng5 24. c5 gxf5 25. Ne2 f4 26. Nxf4 Bf5 27. Rg3 Kh8 28. cxd6 Ne4 29. Bxe4 Bxe4 30. d5 Qf6 31. Qe3 Qe5 32. Rf2 cxd5 33. d7 Rad8 34. Ne6 d4 0-1

[Event "January 2 Late 2024"]
[Site "https://www.chess.com"]
[Date "2024.01.02"]
[Round "8"]
[White "Zavgorodniy, Sergiy"]
[Black "Karpov, Vadim"]
[Result "1-0"]
[Board "93"]
[TimeControl "180+1"]
[WhiteFideId "14110148"]
[BlackFideId "4155025"]
[WhiteElo "2596"]
[BlackElo "2430"]
[WhiteTeam "UKR"]
[BlackTeam "RUS"]
[WhiteClock "0:01:03"]
[BlackClock "0:00:00"]

1. d4 e6 2. c4 d5 3. Nf3 Nf6 4. e3 Be7 5. Nbd2 O-O 6. Bd3 c5 7. b3 cxd4 8. exd4 b6 9. Bb2 Bb7 10. O-O Nc6 11. Qe2 Rc8 12. Rac1 Re8 13. Rfd1 Bf8 14. h3 g6 15. Qe3 Bg7 16. Ne5 dxc4 17. bxc4 Nxe5 18. dxe5 Nd7 19. f4 Nc5 20. Bc2 Qh4 21. Ba3 Bf8 22. Kh2 Red8 23. g3 Qe7 24. Be4 Qc7 25. Bxb7 Qxb7 26. Bxc5 Bxc5 27. Qe2 Rd4 28. Nb3 Rdd8 29. Nd2 Rd4 30. Nf3 Rdd8 31. Ng5 Be7 32. Ne4 Qc6 33. h4 h5 34. Rxd8+ Rxd8 35. Rc2 Rd4 36. Nd2 Bc5 37. Nf3 Re4 38. Qd3 Re3 39. Qd8+ Kg7 40. Ng5 Qb7 41. Qf6+ Kg8 42. Rg2 Re1 43. Qd8+ Bf8 44. g4 hxg4 45. h5 gxh5 46. Qd2 Ra1 47. Qd3 f5 48. exf6 1-0

[Event "January 2 Late 2024"]
[Site "https://www.chess.com"]
[Date "2024.01.02"]
[Round "8"]
[White "Mazurkiewicz, Michal"]
[Black "Aggelis, Nikolaos"]
[Result "1-0"]
[Board "94"]
[TimeControl "180+1"]
[WhiteFideId "1124943"]
[BlackFideId "4213220"]
[WhiteElo "2422"]
[BlackElo "2570"]
[WhiteTeam "POL"]
[BlackTeam "GRE"]
[WhiteClock "0:00:11"]
[BlackClock "0:00:22"]

1. e4 c6 2. d3 d5 3. Nd2 e5 4. Ngf3 Bd6 5. d4 exd4 6. exd5 c5 7. Ne4 Nf6 8. Bb5+ Kf8 9. Nxd6 Qxd6 10. b4 Qxd5 11. bxc5 Bg4 12. Be2 Nc6 13. O-O Rd8 14. a4 h5 15. Rb1 Bc8 16. Ng5 Kg8 17. Re1 Qxc5 18. Qd3 Bf5 19. Qb3 Ne5 20. Bd1 Nc4 21. Be2 Ne5 22. Bd1 Qc3 23. Rxe5 Ne4 24. Qxf7# 1-0

[Event "January 2 Late 2024"]
[Site "https://www.chess.com"]
[Date "2024.01.02"]
[Round "8"]
[White "Rama, Tejas"]
[Black "Weinstein, Norman"]
[Result "1-0"]
[Board "95"]
[TimeControl "180+1"]
[WhiteFideId "30907381"]
[BlackFideId "2000466"]
[WhiteElo "2555"]
[BlackElo "2421"]
[WhiteTeam "USA"]
[BlackTeam "USA"]
[WhiteClock "0:00:03"]
[BlackClock "0:00:00"]

1. d4 c5 2. d5 e5 3. c4 d6 4. e4 Be7 5. Nf3 Bg4 6. Qa4+ Nd7 7. Nfd2 Bg5 8. h3 Bh5 9. Qb3 Qb6 10. Qc2 Ne7 11. Nc3 O-O 12. Bd3 Bg6 13. h4 Bxd2+ 14. Bxd2 h5 15. O-O-O f5 16. exf5 Bxf5 17. Bg5 Bxd3 18. Rxd3 Nf5 19. Ne4 Qa6 20. Ra3 Qb6 21. Rd1 Nd4 22. Qd2 Rf5 23. Be7 Rf4 24. Nxd6 Nf6 25. Bxf6 Qxd6 26. Bg5 Rf7 27. Re3 Raf8 28. f3 Nf5 29. Ree1 Nd4 30. Re4 b5 31. cxb5 Nxb5 32. Rde1 Re8 33. f4 Nd4 34. Rxe5 Ref8 35. Be7 Qa6 36. Kb1 Rc8 37. d6 Qc6 38. R5e4 Nf5 39. Bg5 Rd7 40. Re8+ Rxe8 41. Rxe8+ Kh7 42. Qd3 g6 43. Re7+ Nxe7 44. Bxe7 Qxg2 45. Qc4 Qh1+ 46. Kc2 Qg2+ 47. Kb3 Qf3+ 48. Ka4 Qc6+ 49. Ka3 Rxe7 50. dxe7 Qa6+ 51. Qxa6 1-0

[Event "January 2 Late 2024"]
[Site "https://www.chess.com"]
[Date "2024.01.02"]
[Round "8"]
[White "Matta, Nicholas"]
[Black "Teimouri Yadkuri, Shahdad"]
[Result "1-0"]
[Board "96"]
[TimeControl "180+1"]
[WhiteFideId "30914523"]
[BlackFideId "42515467"]
[WhiteElo "2545"]
[BlackElo "2416"]
[WhiteTeam "USA"]
[BlackTeam "IRI"]
[WhiteClock "0:00:05"]
[BlackClock "0:00:17"]

1. Nf3 Nf6 2. g3 g6 3. Bg2 Bg7 4. O-O O-O 5. c3 c6 6. d4 d5 7. a4 a5 8. Qb3 Ne4 9. Nbd2 Nd6 10. Ne5 Bf5 11. c4 dxc4 12. Ndxc4 Nd7 13. Nxd7 Bxd7 14. Nxd6 exd6 15. Be3 Rb8 16. Rad1 b5 17. axb5 Rxb5 18. Qa3 d5 19. Bf4 Re8 20. e3 Qb6 21. Bd6 Rxb2 22. Bc7 Qb7 23. Bxa5 Ra8 24. Qc3 Qb5 25. Bc7 Bf8 26. Be5 Raa2 27. e4 Be6 28. Qf3 Be7 29. Qf4 dxe4 30. d5 cxd5 31. Qh6 f6 32. Bxb2 Rxb2 33. Qf4 Kf7 34. h4 Qb6 35. Qh6 Kg8 36. h5 g5 37. Ra1 Qb7 38. Rfc1 Bf7 39. Ra7 Qb8 40. Rxe7 e3 41. Rxe3 d4 42. Rf3 Bd5 43. Rxf6 Bxg2 44. Qxg5+ Kh8 45. Kxg2 Qa8+ 46. Kh3 Rxf2 47. Rxf2 Qc8+ 48. Kh4 Qe8 49. Qf6+ Kg8 50. Rc7 Qe4+ 51. Rf4 Qh1+ 52. Kg4 Qd1+ 53. Kg5 h6+ 54. Kxh6 Qxh5+ 55. Kxh5 d3 56. Qg7# 1-0

[Event "January 2 Late 2024"]
[Site "https://www.chess.com"]
[Date "2024.01.02"]
[Round "8"]
[White "Petr, Jan"]
[Black "Pinero Rodriguez, Carlos Jose"]
[Result "0-1"]
[Board "97"]
[TimeControl "180+1"]
[WhiteFideId "345784"]
[BlackFideId "3901726"]
[WhiteElo "2412"]
[BlackElo "2544"]
[WhiteTeam "CZE"]
[BlackTeam "VEN"]
[WhiteClock "0:00:00"]
[BlackClock "0:00:14"]

1. e4 c5 2. Nf3 e6 3. d3 Nc6 4. Nbd2 d5 5. g3 Nf6 6. Bg2 Be7 7. O-O O-O 8. Re1 b5 9. e5 Nd7 10. Nf1 a5 11. h4 b4 12. h5 a4 13. h6 g6 14. N1h2 Ba6 15. Ng4 Nd4 16. Nxd4 cxd4 17. Bf4 Rc8 18. Qd2 g5 19. Bxg5 Bxg5 20. f4 Be7 21. Kh2 Kh8 22. Bf3 Rg8 23. Qg2 Rg6 24. Re2 Bf8 25. Qh3 Bb5 26. b3 Be7 27. Qh5 Qg8 28. Rae1 Nc5 29. f5 Rg5 30. Qh3 Rxf5 31. Nf6 Bxf6 32. exf6 Rxf3 0-1

[Event "January 2 Late 2024"]
[Site "https://www.chess.com"]
[Date "2024.01.02"]
[Round "8"]
[White "Gerbelli Neto, Eduardo"]
[Black "Ismayil, Malak"]
[Result "0-1"]
[Board "98"]
[TimeControl "180+1"]
[WhiteFideId "2103281"]
[BlackFideId "13412604"]
[WhiteElo "2369"]
[BlackElo "2526"]
[WhiteTeam "BRA"]
[BlackTeam "AZE"]
[WhiteClock "0:00:18"]
[BlackClock "0:00:30"]

1. e4 e5 2. Nf3 Nc6 3. d4 exd4 4. Bc4 Bc5 5. c3 d3 6. b4 Bb6 7. a4 a6 8. Qb3 Qe7 9. O-O d6 10. a5 Ba7 11. b5 axb5 12. a6 bxa6 13. Bxb5 axb5 14. Qxb5 Bd7 15. Be3 Rb8 16. Qxd3 Bxe3 17. Qxe3 Nf6 18. Nbd2 O-O 19. Nd4 Nxd4 20. cxd4 Rfe8 21. Ra7 Nxe4 22. Rxc7 Nxd2 23. Qxd2 d5 24. Qf4 Qe6 25. h3 Rbc8 26. Ra7 h6 27. Rb1 Bc6 28. Rb6 Re7 29. Raa6 Qe1+ 30. Kh2 Be8 31. Rb8 Rxb8 32. Qxb8 Qxf2 33. Qd6 Re2 0-1

[Event "January 2 Late 2024"]
[Site "https://www.chess.com"]
[Date "2024.01.02"]
[Round "8"]
[White "Berezin, Viktor"]
[Black "Khodabandeh, Milad"]
[Result "0-1"]
[Board "99"]
[TimeControl "180+1"]
[WhiteFideId "14107872"]
[BlackFideId "12538620"]
[WhiteElo "2508"]
[BlackElo "2387"]
[WhiteTeam "UKR"]
[BlackTeam "IRI"]
[WhiteClock "0:00:42"]
[BlackClock "0:00:34"]

1. Nf3 Nf6 2. c4 c5 3. g3 g6 4. Bg2 Bg7 5. O-O O-O 6. Nc3 Nc6 7. d3 d6 8. Rb1 Rb8 9. a3 b6 10. b4 Bb7 11. Bd2 e5 12. Ne1 Nd4 13. e3 Bxg2 14. Nxg2 Ne6 15. bxc5 dxc5 16. Qc2 Re8 17. Rfd1 Qd7 18. Be1 Ng5 19. Qe2 Qg4 20. Qxg4 Nxg4 21. h4 Nf3+ 22. Kf1 f5 23. Nd5 e4 24. Ngf4 Rbd8 25. Ke2 Nxe1 26. Kxe1 exd3 27. Rxd3 Ne5 28. Rdd1 Nxc4 29. Ke2 Nxa3 30. Ra1 Bxa1 31. Rxa1 Nb5 32. Nf6+ Kf7 33. Nxe8 Kxe8 34. h5 Kf7 35. hxg6+ hxg6 36. Rh1 g5 37. Nh3 Nc3+ 0-1

[Event "January 2 Late 2024"]
[Site "https://www.chess.com"]
[Date "2024.01.02"]
[Round "8"]
[White "Van der Werf, Mark"]
[Black "Shuvalov, Evgenij"]
[Result "0-1"]
[Board "100"]
[TimeControl "180+1"]
[WhiteFideId "1000470"]
[BlackFideId "4187237"]
[WhiteElo "2365"]
[BlackElo "2506"]
[WhiteTeam "NED"]
[BlackTeam "FID"]
[WhiteClock "0:01:01"]
[BlackClock "0:00:13"]

1. Nf3 Nf6 2. c4 g6 3. Nc3 d5 4. cxd5 Nxd5 5. h4 h6 6. e4 Nxc3 7. dxc3 Qxd1+ 8. Kxd1 Bg4 9. Kc2 Nd7 10. Nd4 e5 11. Nb5 O-O-O 12. f3 Be6 13. Nxa7+ Kb8 14. Nb5 c6 15. Na3 Bxa3 16. bxa3 Nb6 17. Be3 Nc4 18. Bc1 b5 19. Be2 h5 20. Rb1 Kc7 21. a4 Ra8 22. Rb4 Rhb8 23. Rd1 c5 24. Rxb5 Rxb5 25. axb5 Rxa2+ 26. Kd3 Kb6 27. Bf1 f5 28. Re1 f4 29. Re2 Ra1 30. Rc2 Kxb5 31. Ke2 Ne3 32. Bxe3 Bc4+ 33. Kf2 Rxf1# 0-1